 Dungeon Crawl Stone Soup version 0.24.0-35-gdb84b6a5db (webtiles) character file.

Game seed: 10612697132316349546, levelgen mode: deterministic

537 Gruesph the Stinger (level 7, 0/55 HPs)
             Began as a Naga Venom Mage on Nov 19, 2019.
             Was an Initiate of Cheibriados.
             Slain by an ice beast (13 damage)
             ... on level 5 of the Dungeon.
             The game lasted 00:26:32 (6321 turns).

Gruesph the Stinger (Naga Venom Mage)               Turns: 6321, Time: 00:26:33

Health: 0/55       AC:  5    Str: 13    XL:     7   Next: 25%
Magic:  13/13      EV:  8    Int: 16    God:    Cheibriados [......]
Gold:   297        SH:  6    Dex: 13    Spells: 8/14 levels left

rFire    . . .     SeeInvis +   a - +1 spear
rCold    . . .     Gourm    .   m - +2 buckler
rNeg     . . .     Faith    .   p - +1 ring mail
rPois    +         Spirit   .   (no helmet)
rElec    .         Reflect  .   (no cloak)
rCorr    .         Harm     .   (no gloves)
MR       .....                  (no barding)
Stlth    ++........             (no amulet)
HPRegen  0.18/turn              (no ring)
MPRegen  0.13/turn              (no ring)

@: very slow
A: large, see invisible, deformed body, poison resistance, slowness 2, slow
metabolism 1, spit poison 1, AC +2
a: Spit Poison, Bend Time, Renounce Religion


You were on level 5 of the Dungeon.
You worshipped Cheibriados.
Cheibriados was noncommittal.
You were very hungry.

You visited 2 branches of the dungeon, and saw 6 of its levels.

You collected 297 gold pieces.

Inventory:

Hand Weapons
 a - a +1 spear (weapon)
 b - a +0 hunting sling
Missiles
 e - 41 poisoned darts (quivered)
 l - 16 sling bullets
Armour
 m - a +2 buckler (worn)
 p - a +1 ring mail (worn)
Scrolls
 g - 4 scrolls of enchant armour
 i - a scroll of identify
 k - a scroll of teleportation
 r - 5 scrolls of remove curse
Potions
 c - 3 potions of curing
 d - a potion of berserk rage
 f - 2 potions of flight
 h - a potion of heal wounds
 o - 2 potions of haste
Comestibles
 j - 11 rations


   Skills:
 + Level 3.0 Polearms
 - Level 1.5 Dodging
 + Level 3.8 Stealth
 + Level 1.1 Shields
 - Level 4.0 Spellcasting
 - Level 3.0 Conjurations
 - Level 1.0 Air Magic
 - Level 6.1 Poison Magic


You had 8 spell levels left.
You knew the following spells:

 Your Spells              Type           Power        Failure   Level  Hunger
a - Sting                 Conj/Pois      ###.         7%          1    None
b - Poisonous Vapours     Pois/Air       ##....       16%         2    ##.....
c - Mephitic Cloud        Conj/Pois/Air  ##......     34%         3    ###....

Your spell library contained the following spells:

 Spells                   Type           Power        Failure   Level  Hunger
 Olgreb's Toxic Radiance  Pois           ###.....     36%         4    ####...
 Venom Bolt               Conj/Pois      ###.......   89%         5    ######.


Dungeon Overview and Level Annotations

Branches:
Dungeon (5/15)             Temple (1/1) D:4

Altars:
Ashenzari
Cheibriados
Elyvilon
Fedhas
Gozag
Hepliaklqana
Kikubaaqudgha
Makhleb
Qazlal
Sif Muna
Trog
Vehumet
Wu Jian
Xom
Yredelemnul
Zin

Annotations:
D:4 1 runed translucent door, kmx's ghost, weakling FeMo


Innate Abilities, Weirdness & Mutations

You cannot wear boots.
Your serpentine skin is tough. (AC +2)
You have supernaturally acute eyesight. (SInv)
Armour fits poorly on your strangely shaped body.
Your system is resistant to poisons. (rPois)
You cover ground very slowly.
You have a slow metabolism.
You can spit poison.


Message History

The ice beast is moderately wounded.
The ice beast closely misses you.
You hit the ice beast.
The ice beast is moderately wounded.
You block the ice beast's attack. The ice beast hits you.
The ice beast freezes you!
* * * LOW HITPOINT WARNING * * *
A frilled lizard comes into view.
The frilled lizard hisses angrily.
You hit the ice beast but do no damage.
The ice beast is moderately wounded.
The ice beast hits you but does no damage.
You closely miss the ice beast.
The ice beast is moderately wounded.
You block the ice beast's attack.
The ice beast hits you but does no damage.
The ice beast hits you.
* * * LOW HITPOINT WARNING * * *
The ice beast freezes you!
You die...

.#..........# .#..........#
.#######....# .# #....# .#
#....# .#######....########
.
>......+...........######..
...#####....##.............
....# #....##..@.[......#
....# #....##...Y.......#
....# #######..>.o..[...#
....# #.....o.....# ....#
#######'##### ....#


ol# ..... #.# ... .. #.# You could see an ice beast, 3 orcs and a frilled
lizard.

Vanquished Creatures
  An ogre (D:4)
  A hound (D:3)
  A gnoll shaman (D:4)
  An orc wizard (D:4)
  A bullfrog skeleton (D:5)
  A centaur skeleton (D:4)
  An orc priest (D:4)
  4 worker ants
  7 gnolls
  4 adders
  A dart slug (D:3)
  A leopard gecko (D:5)
  2 orcs
  3 giant cockroaches
  9 goblins
  3 hobgoblins
  8 jackals
  2 quokkas
  6 bats
  5 frilled lizards
  12 kobolds
  14 rats
88 creatures vanquished.

Notes
Turn   | Place    | Note
-------+----------+-------------------------------------------
     0 | D:1      | Gruesph the Naga Venom Mage began the quest for the Orb.
     0 | D:1      | Reached XP level 1. HP: 15/15 MP: 3/3
   498 | D:1      | Reached XP level 2. HP: 18/22 MP: 1/5
  1105 | D:1      | Reached XP level 3. HP: 28/28 MP: 4/6
  1633 | D:1      | Learned a level 2 spell: Poisonous Vapours
  1637 | D:1      | Learned a level 3 spell: Mephitic Cloud
  1823 | D:2      | Found a radiant altar of Vehumet.
  1824 | D:2      | Found an ancient bone altar of Kikubaaqudgha.
  2775 | D:3      | Reached XP level 4. HP: 35/36 MP: 1/8
  2903 | D:3      | Reached skill level 5 in Poison Magic
  3211 | D:3      | Found an opulent altar of Gozag.
  3572 | D:3      | Reached skill level 1 in Air Magic
  3576 | D:3      | Reached XP level 5. HP: 42/42 MP: 3/9
  4677 | D:4      | Reached skill level 1 in Polearms
  4677 | D:4      | Reached XP level 6. HP: 49/49 MP: 7/11
  4808 | D:4      | Found a runed translucent door.
  4808 | D:4      | Noticed kmx's ghost (weakling FeMo)
  4912 | D:4      | Found a staircase to the Ecumenical Temple.
  4918 | D:4      | Reached skill level 6 in Poison Magic
  4926 | Temple   | Entered the Ecumenical Temple
  5614 | D:4      | Found a shimmering altar of Xom.
  5614 | D:4      | Found a shimmering altar of Xom.
  5614 | D:4      | Found a shimmering altar of Xom.
  5614 | D:4      | Found a shimmering altar of Xom.
  5614 | D:4      | Found a shimmering altar of Xom.
  5615 | D:4      | Found a shimmering altar of Xom.
  5771 | D:4      | Reached XP level 7. HP: 55/55 MP: 8/13
  5877 | D:4      | Reached skill level 1 in Shields
  5926 | D:4      | Found a blossoming altar of Fedhas.
  5931 | D:4      | Found a snail-covered altar of Cheibriados.
  5934 | D:4      | Became a worshipper of Cheibriados the Contemplative
  6065 | D:5      | Entered Level 5 of the Dungeon
  6321 | D:5      | Slain by an ice beast

Levels and vault maps discovered:
D:1:      psy_arrival_terrarium, layout_loops_corners, minmay_misc_feat_five
D:2:      layout_loops_ring, nicolae_overflow_hidden_temple
D:3:      layout_basic, nicolae_gozag_cash_rules_everything_around_me
D:4:      layout_loops_cross, xom_redecorated, minitemple,
          minmay_temple_entry_statues_fountains, hellmonk_ghost_happy_afterlife,
          lemuel_old_faithful
D:5:      layout_basic, nicolae_overflow_crystal_walls,
          nicolae_tso_swordbearing_angel, nicolae_ru_path_of_blood,
          chequers_temple_overflow_statue_of_worship, first_ration
Temple:   cyrus_temple_forest

Skill      XL: |  1  2  3  4  5  6  7 |
---------------+----------------------+-----
Conjurations   | 2 3 |  3.0
Poison Magic   | 5 6 |  6.1
Air Magic      | 1 |  1.0
Spellcasting   | 3 4 |  4.0
Polearms       | 1 2 3 |  3.0
Shields        | 1 |  1.1
Dodging        | |  1.5
Stealth        | |  3.8

Action                   |  1- 3 |  4- 6 |  7- 9 || total
-------------------------+-------+-------+-------++-------
Melee: Short sword       |    29 |       |       ||    29
       Spear             |       |    24 |    39 ||    63
 Fire: Hunting sling     |     3 |    26 |       ||    29
 Cast: Sting             |    53 |     1 |       ||    54
       Poisonous Vapours |    10 |    44 |     2 ||    56
 Abil: Spit Poison       |     4 |     4 |     1 ||     9
  Use: Scroll            |       |    10 |     3 ||    13
  Eat: Chunk             |     4 |     7 |     2 ||    13
       Ration            |     1 |       |       ||     1
Armor: Robe              |     5 |       |       ||     5
       Leather armour    |     2 |     2 |       ||     4
       Ring mail         |       |    13 |    11 ||    24
Dodge: Dodged            |    31 |    17 |    13 ||    61
Block: Buckler           |       |       |     6 ||     6
